General information
- name: BNet
- type: Ladder team game (AT/RT)
- host: Battle.net
- saver: MyPeonsRStupid
map: GolemsInTheMist
- players: 8
- length: 55:25
- speed: Fast
- version: 1.27 W3XP
- replay type: Public
» download(228 KB)
Players
team 1 (loser)
civ69 (
red | 0 APM | 0 actions | 00:02)

»
SirDanksalot (
green | 63 APM | 2599 actions | 41:28)
6 Warden
3 Fan of Knives
2 Blink
1 Spirit of Vengeance
5 Keeper of the Grove
3 Entangling Roots
2 Force of Nature
» actions
| Assign group hotkey | 720 | |
| Basic commands | 187 | |
| Build / train | 94 | |
| Enter build submenu | 28 | |
| Enter hero's abilities submenu | 11 | |
| Give item / drop item | 5 | |
| Remove unit from queue | 2 | |
| Right click | 561 | |
| Select / deselect | 317 | |
| Select group hotkey | 431 | |
| Use ability | 243 | |
2599 total
» units
| Wisp | 23 | |
| Huntress | 5 | |
| Druid of the Claw | 9 | |
| Dryad | 13 | |
| Hippogryph | 8 | |
| Mortar Team | 1 | |
59 total
» upgrades
| Druid of the Claw Training | 2 | |
| Abolish Magic | 1 | |
| Mark of the Claw | 1 | |
4 total
» buildings
| Altar of Elders | 1 | |
| Hunter's Hall | 1 | |
| Moon Well | 8 | |
| Ancient of War | 1 | |
| Ancient of Wonders | 2 | |
| Tree of Ages | 2 | |
| Ancient of Lore | 6 | |
| Tree of Eternity | 2 | |
| Tree of Life | 1 | |
| Ancient Protector | 5 | |
| Ancient of Wind | 2 | |
| Workshop | 1 | |
32 total
» build order
01:12 Altar of Elders
01:15 Hunter's Hall
01:19 Moon Well
01:25 Ancient of War
01:43 Moon Well
02:28 Moon Well
03:23 Ancient of Wonders
04:07 Tree of Ages
04:56 Moon Well
06:01 Moon Well
06:39 Ancient of Lore
06:41 Ancient of Lore
06:43 Ancient of Lore
07:40 Tree of Eternity
08:23 Moon Well
10:33 Moon Well
14:06 Moon Well
22:29 Tree of Life
26:13 Ancient Protector
28:10 Ancient Protector
28:11 Ancient Protector
28:16 Ancient Protector
28:18 Ancient Protector
29:38 Tree of Ages
30:32 Ancient of Wonders
32:18 Tree of Eternity
32:53 Ancient of Lore
32:54 Ancient of Lore
33:17 Ancient of Lore
35:37 Ancient of Wind
35:42 Ancient of Wind
39:20 Workshop
» items
| Potion of Healing | 7 | |
| Orb of Venom | 1 | |
| Scroll of Town Portal | 2 | |
| Lesser Clarity Potion | 2 | |
12 total
worthless (
pink | 37 APM | 1558 actions | 42:07)
4 Mountain King
2 Storm Bolt
2 Bash
5 Archmage
3 Summon Water Elemental
2 Brilliance Aura
4 Blood Mage
2 Flame Strike
2 Siphon Mana
3 Paladin
1 Devotion Aura
1 Divine Shield
1 Holy Light
» actions
| Basic commands | 2 | |
| Build / train | 125 | |
| Enter build submenu | 39 | |
| Enter hero's abilities submenu | 16 | |
| Right click | 877 | |
| Select / deselect | 431 | |
| Use ability | 68 | |
1558 total
» units
| Peasant | 16 | |
| Footman | 11 | |
| Rifleman | 13 | |
| Mortar Team | 30 | |
| Knight | 14 | |
84 total
» upgrades
| Swords | 3 | |
| Plating | 3 | |
| Gunpowder | 2 | |
| Masonry | 2 | |
| Armor | 2 | |
| Long Rifles | 1 | |
| Animal War Training | 1 | |
14 total
» buildings
| Altar of Kings | 2 | |
| Farm | 18 | |
| Barracks | 3 | |
| Blacksmith | 2 | |
| Lumber Mill | 3 | |
| Scout Tower | 4 | |
| Arcane Tower | 4 | |
| Keep | 2 | |
| Arcane Vault | 2 | |
| Workshop | 1 | |
| Castle | 1 | |
| Town Hall | 2 | |
44 total
» build order
00:55 Altar of Kings
01:00 Farm
01:06 Altar of Kings
01:09 Farm
01:15 Barracks
01:22 Barracks
01:29 Farm
01:50 Farm
02:01 Blacksmith
02:21 Farm
02:27 Lumber Mill
02:33 Scout Tower
02:36 Scout Tower
02:54 Lumber Mill
03:01 Blacksmith
03:04 Arcane Tower
03:19 Scout Tower
03:27 Farm
03:40 Arcane Tower
03:45 Lumber Mill
03:52 Scout Tower
04:16 Farm
05:36 Arcane Tower
05:39 Farm
05:41 Keep
05:49 Arcane Vault
05:56 Arcane Tower
05:57 Keep
06:16 Farm
06:26 Farm
06:43 Arcane Vault
08:46 Workshop
08:58 Castle
09:07 Barracks
10:47 Farm
11:11 Farm
11:53 Farm
11:56 Farm
12:28 Farm
14:13 Farm
15:16 Farm
19:42 Farm
36:40 Town Hall
39:05 Town Hall
IIllIllIllIIIl (
yellow | 34 APM | 1883 actions | 55:23)
2 Archmage
1 Summon Water Elemental
1 Blizzard
» actions
| Basic commands | 97 | |
| Build / train | 313 | |
| Enter build submenu | 75 | |
| Enter hero's abilities submenu | 2 | |
| Remove unit from queue | 7 | |
| Right click | 662 | |
| Select / deselect | 602 | |
| Use ability | 124 | |
1883 total
» units
| Peasant | 165 | |
| Flying Machine | 85 | |
250 total
» upgrades
| Masonry | 2 | |
| Lumber Harvesting | 1 | |
| Flying Machine Bombs | 1 | |
| Flak Cannons | 1 | |
5 total
» buildings
| Altar of Kings | 1 | |
| Farm | 31 | |
| Arcane Vault | 7 | |
| Lumber Mill | 1 | |
| Keep | 2 | |
| Scout Tower | 17 | |
| Guard Tower | 3 | |
| Arcane Tower | 1 | |
| Town Hall | 3 | |
| Blacksmith | 2 | |
| Castle | 1 | |
| Workshop | 7 | |
76 total
» build order
04:12 Altar of Kings
04:20 Farm
04:26 Farm
04:30 Farm
04:35 Farm
04:43 Farm
04:47 Farm
05:10 Farm
05:14 Farm
05:17 Farm
05:22 Farm
05:27 Farm
05:34 Arcane Vault
06:30 Farm
06:34 Farm
06:39 Farm
07:06 Arcane Vault
07:18 Farm
07:20 Farm
07:23 Farm
08:03 Farm
08:06 Farm
08:21 Farm
08:40 Farm
08:45 Farm
09:17 Farm
09:23 Farm
10:24 Farm
10:28 Farm
10:31 Farm
10:44 Farm
11:21 Farm
12:04 Farm
12:13 Farm
12:44 Lumber Mill
19:23 Keep
20:49 Scout Tower
20:51 Scout Tower
20:52 Scout Tower
20:57 Scout Tower
21:00 Scout Tower
21:03 Scout Tower
21:06 Scout Tower
21:08 Scout Tower
21:11 Scout Tower
21:15 Scout Tower
21:18 Scout Tower
21:22 Scout Tower
21:25 Scout Tower
21:30 Arcane Vault
21:35 Arcane Vault
21:37 Guard Tower
21:42 Scout Tower
21:49 Scout Tower
21:53 Scout Tower
21:58 Guard Tower
22:10 Arcane Vault
23:57 Arcane Tower
29:05 Town Hall
30:20 Arcane Vault
30:25 Arcane Vault
36:10 Town Hall
42:51 Blacksmith
42:54 Castle
44:28 Workshop
44:30 Workshop
44:39 Workshop
44:43 Workshop
46:57 Town Hall
48:22 Scout Tower
48:35 Guard Tower
49:03 Workshop
49:06 Workshop
49:11 Workshop
52:47 Blacksmith
53:07 Keep
» items
team 2 (winner)

»
raptos (
blue | 57 APM | 1388 actions | 24:10)
6 Death Knight
3 Death Coil
1 Unholy Aura
1 Death Pact
1 Animate Dead
» actions
| Assign group hotkey | 24 | |
| Basic commands | 42 | |
| Build / train | 88 | |
| Enter build submenu | 20 | |
| Enter hero's abilities submenu | 7 | |
| Give item / drop item | 2 | |
| Right click | 693 | |
| Select / deselect | 262 | |
| Select group hotkey | 191 | |
| Use ability | 59 | |
1388 total
» units
| Acolyte | 4 | |
| Ghoul | 27 | |
| Crypt Fiend | 13 | |
| Gargoyle | 12 | |
| Goblin Sapper | 2 | |
58 total
» upgrades
| Cannibalize | 1 | |
| Unholy Strength | 4 | |
| Unholy Armor | 3 | |
| Creature Attack | 3 | |
| Ghoul Frenzy | 1 | |
| Creature Carapace | 2 | |
| Burrow | 1 | |
| Stone Form | 1 | |
16 total
» buildings
| Ziggurat | 16 | |
| Altar of Darkness | 1 | |
| Crypt | 2 | |
| Halls of the Dead | 2 | |
| Graveyard | 1 | |
| Tomb of Relics | 1 | |
| Black Citadel | 1 | |
| Spirit Tower | 4 | |
28 total
» build order
00:14 Ziggurat
00:20 Altar of Darkness
00:45 Crypt
01:35 Ziggurat
03:29 Ziggurat
03:31 Ziggurat
04:40 Halls of the Dead
04:47 Graveyard
06:15 Tomb of Relics
06:45 Halls of the Dead
06:49 Ziggurat
06:50 Ziggurat
06:51 Ziggurat
06:52 Ziggurat
07:18 Black Citadel
08:35 Ziggurat
08:36 Ziggurat
08:37 Ziggurat
08:38 Ziggurat
11:07 Crypt
16:53 Spirit Tower
16:54 Spirit Tower
16:55 Spirit Tower
19:16 Ziggurat
19:19 Ziggurat
19:20 Ziggurat
19:21 Ziggurat
22:07 Spirit Tower
MyPeonsRStupid (
teal | 48 APM | 2640 actions | 55:25)
9 Death Knight
3 Unholy Aura
2 Death Coil
1 Animate Dead
3 Death Pact
» actions
| Assign group hotkey | 141 | |
| Basic commands | 80 | |
| Build / train | 113 | |
| Enter build submenu | 52 | |
| Enter hero's abilities submenu | 9 | |
| Give item / drop item | 3 | |
| Remove unit from queue | 4 | |
| Right click | 1423 | |
| Select / deselect | 459 | |
| Select group hotkey | 222 | |
| Use ability | 134 | |
2640 total
» units
| Peasant | 11 | |
| Ghoul | 14 | |
| Crypt Fiend | 5 | |
| Acolyte | 9 | |
| Frost Wyrm | 7 | |
46 total
» upgrades
| Burrow | 1 | |
| Creature Carapace | 1 | |
| Web | 1 | |
| Creature Attack | 1 | |
| Masonry | 1 | |
| Freezing Breath | 1 | |
6 total
» buildings
| Black Citadel | 3 | |
| Crypt | 4 | |
| Sacrificial Pit | 2 | |
| Spirit Tower | 28 | |
| Lumber Mill | 1 | |
| Town Hall | 1 | |
| Necropolis | 6 | |
| Altar of Darkness | 3 | |
| Ziggurat | 31 | |
| Graveyard | 1 | |
| Halls of the Dead | 4 | |
| Tomb of Relics | 3 | |
| Boneyard | 4 | |
91 total
» build order
14:00 Black Citadel
14:22 Crypt
15:27 Crypt
19:26 Sacrificial Pit
19:30 Spirit Tower
21:25 Lumber Mill
23:42 Town Hall
23:58 Necropolis
24:01 Altar of Darkness
24:02 Ziggurat
24:08 Graveyard
24:10 Ziggurat
24:15 Ziggurat
24:18 Crypt
25:12 Spirit Tower
26:38 Halls of the Dead
26:38 Halls of the Dead
27:38 Necropolis
28:16 Spirit Tower
28:22 Ziggurat
28:23 Ziggurat
28:23 Ziggurat
28:24 Ziggurat
28:24 Ziggurat
28:26 Ziggurat
29:16 Black Citadel
29:29 Spirit Tower
29:30 Spirit Tower
29:30 Spirit Tower
29:30 Spirit Tower
29:32 Spirit Tower
29:32 Spirit Tower
29:32 Spirit Tower
29:32 Spirit Tower
29:34 Spirit Tower
29:34 Spirit Tower
29:34 Spirit Tower
29:39 Spirit Tower
29:39 Spirit Tower
29:40 Spirit Tower
29:43 Spirit Tower
29:43 Spirit Tower
29:43 Spirit Tower
29:59 Ziggurat
30:00 Ziggurat
30:00 Ziggurat
30:00 Ziggurat
30:01 Ziggurat
30:08 Ziggurat
30:08 Ziggurat
30:42 Tomb of Relics
30:49 Sacrificial Pit
30:51 Ziggurat
30:51 Ziggurat
30:52 Ziggurat
30:53 Ziggurat
30:53 Ziggurat
30:56 Spirit Tower
32:01 Spirit Tower
32:02 Spirit Tower
32:31 Boneyard
32:32 Boneyard
33:15 Tomb of Relics
33:32 Boneyard
33:33 Boneyard
34:26 Ziggurat
34:46 Necropolis
36:36 Halls of the Dead
37:34 Necropolis
43:53 Crypt
44:08 Necropolis
45:10 Ziggurat
46:15 Ziggurat
46:16 Ziggurat
46:16 Ziggurat
47:43 Altar of Darkness
48:27 Altar of Darkness
48:30 Ziggurat
48:30 Ziggurat
48:30 Ziggurat
48:33 Spirit Tower
49:03 Ziggurat
49:04 Ziggurat
49:41 Halls of the Dead
49:53 Tomb of Relics
52:53 Black Citadel
54:15 Necropolis
» items
| Potion of Mana | 4 | |
| Potion of Healing | 5 | |
| Scroll of Town Portal | 1 | |
| Orb of Corruption | 1 | |
| Scroll of Healing | 2 | |
13 total
CHRONICtOKE (
purple | 53 APM | 314 actions | 05:55)
1 Death Knight
1 Death Coil
» actions
| Assign group hotkey | 12 | |
| Basic commands | 5 | |
| Build / train | 18 | |
| Enter build submenu | 8 | |
| Enter hero's abilities submenu | 1 | |
| Remove unit from queue | 3 | |
| Right click | 161 | |
| Select / deselect | 62 | |
| Select group hotkey | 31 | |
| Use ability | 13 | |
314 total
» units
| Acolyte | 3 | |
| Ghoul | 1 | |
| Crypt Fiend | 6 | |
10 total
» buildings
| Graveyard | 1 | |
| Crypt | 1 | |
| Altar of Darkness | 1 | |
| Ziggurat | 3 | |
| Tomb of Relics | 1 | |
| Nerubian Tower | 1 | |
| Spirit Tower | 1 | |
9 total
» build order
00:34 Graveyard
00:36 Crypt
00:40 Altar of Darkness
00:53 Ziggurat
01:12 Tomb of Relics
02:26 Ziggurat
03:13 Nerubian Tower
04:23 Ziggurat
05:07 Spirit Tower
» items
tiverly94 (
orange | 16 APM | 888 actions | 55:24)
1 Warden
1 Blink
1 Lich
1 Frost Nova
» actions
| Assign group hotkey | 1 | |
| Build / train | 45 | |
| Enter build submenu | 17 | |
| Enter hero's abilities submenu | 4 | |
| Right click | 523 | |
| Select / deselect | 271 | |
| Select group hotkey | 4 | |
| Use ability | 23 | |
888 total
» units
| Wisp | 10 | |
| Archer | 25 | |
| Acolyte | 5 | |
| Frost Wyrm | 1 | |
41 total
» buildings
| Altar of Elders | 1 | |
| Moon Well | 9 | |
| Tree of Life | 2 | |
| Ancient of War | 2 | |
| Hunter's Hall | 1 | |
| Ziggurat | 1 | |
16 total
» build order
00:20 Altar of Elders
00:22 Moon Well
02:12 Tree of Life
02:38 Ancient of War
02:51 Moon Well
03:07 Moon Well
03:39 Hunter's Hall
04:50 Moon Well
06:16 Moon Well
07:31 Moon Well
08:36 Moon Well
08:47 Moon Well
09:24 Tree of Life
09:59 Moon Well
10:58 Ancient of War
40:51 Ziggurat
Chat log
(00:44 / Allies) CHRONICtOKE: 100 plz
(00:56 / Allies) raptos: :O
(01:04 / Allies) CHRONICtOKE: i take his mine
(01:08 / Allies) CHRONICtOKE: its 3v4
(01:19 / Allies) CHRONICtOKE: elf open this
(01:21 / Allies) CHRONICtOKE: take it
(02:36 / All) IIllIllIllIIIl: GET TO THE MUSTANG
(03:31 / Allies) CHRONICtOKE: retard kid
(03:41 / Allies) CHRONICtOKE: his mother fucked a goat
(03:43 / Allies) CHRONICtOKE: made him
(03:48 / Allies) CHRONICtOKE: sick shit.
(03:50 / Allies) raptos: yea
(03:56 / Allies) raptos: we take his mine as well?
(04:02 / Allies) CHRONICtOKE: yeps
(04:11 / Allies) CHRONICtOKE: hes a worthless retard
(04:16 / Allies) CHRONICtOKE: what else can we do
(04:48 / Allies) CHRONICtOKE: kill this shit
(05:10 / Allies) CHRONICtOKE: faggot
(05:15 / Allies) CHRONICtOKE: enjoy hell nigger
(05:17 / Allies) raptos: let me farm a bit then go kill
(05:21 / Allies) raptos: militia > me
(05:35 / Allies) CHRONICtOKE: i got him nub
(05:54 / Allies) CHRONICtOKE: eh fuck this
(12:49 / All) IIllIllIllIIIl: GET TO THE MUSTANG
(14:28 / Allies) tiverly94: '
(14:31 / Allies) tiverly94: dude
(14:38 / Allies) tiverly94: dont chop wood where my tree is at
(15:05 / Allies) tiverly94: BLUE
(18:16 / All) IIllIllIllIIIl: MY MOMMY WANTED TO BABORT ME
(19:45 / All) IIllIllIllIIIl: I SHOULD HAVE BEEN ABORTED
(19:54 / All) IIllIllIllIIIl: I HAVE STOLEN CHROMOSOES
(22:39 / All) IIllIllIllIIIl: CANT BUILD THERE MLORD
(22:40 / Allies) MyPeonsRStupid: gargs to
(22:42 / Allies) MyPeonsRStupid: morts
(24:06 / Allies) tiverly94: lol
(24:32 / All) IIllIllIllIIIl: how did we win
(24:38 / All) IIllIllIllIIIl: i just built a petting zoo in my corner
(26:56 / All) IIllIllIllIIIl: MOMMY TRIED STICKIGN A COAT HANGER IN MY EYE
(28:29 / All) SirDanksalot: leave plz
(28:50 / Allies) MyPeonsRStupid: lumbers
(29:25 / All) IIllIllIllIIIl: daddy gives me reverse poops every night
(30:43 / All) IIllIllIllIIIl: how is it when i troll my team wins and when i try we lose
(35:36 / All) IIllIllIllIIIl: my team is autistic
(41:12 / All) IIllIllIllIIIl: how much autism do you think i have
(41:19 / All) MyPeonsRStupid: this many
(41:35 / All) IIllIllIllIIIl: :DDDD
(41:43 / All) IIllIllIllIIIl: we should have won
(41:48 / All) IIllIllIllIIIl: but tking is to much fun
(42:23 / Allies) tiverly94: i love you teal
(44:17 / All) IIllIllIllIIIl: should i c ommit suciide?
(44:28 / All) MyPeonsRStupid: you're young, you're young
(44:36 / All) tiverly94: ^
(45:36 / Allies) tiverly94: he cant win, this is hilarious
(45:46 / Allies) MyPeonsRStupid: well he might have a shitload of recs
(45:51 / Allies) MyPeonsRStupid: and make dhawks real fast
(46:02 / Allies) MyPeonsRStupid: or buiuld on green
(46:45 / Allies) MyPeonsRStupid: he making gyro real fast lawl
(46:50 / Allies) tiverly94: lmao
(47:22 / Allies) MyPeonsRStupid: I don't kill the peon since already level 10 and they eat up food
(48:00 / Allies) MyPeonsRStupid: use the shade to scout his base
(48:09 / Allies) tiverly94: k
(48:47 / All) IIllIllIllIIIl: u niggg
(49:40 / Allies) tiverly94: lookie here
(50:20 / Allies) MyPeonsRStupid: make lich
(50:23 / Allies) MyPeonsRStupid: when tier 2
(50:27 / Allies) MyPeonsRStupid: and make extra wyrms
(50:33 / Allies) MyPeonsRStupid: and atke those lawl
(50:45 / Allies) MyPeonsRStupid: and clear top
(50:46 / Allies) MyPeonsRStupid: green first
(51:21 / Allies) MyPeonsRStupid: hopefully he didn't get flak
(51:38 / All) IIllIllIllIIIl: suh nigga
(52:05 / Allies) MyPeonsRStupid: nope lol
(52:10 / Allies) tiverly94: lol
(52:41 / Allies) MyPeonsRStupid: when lich and wyrms made
(52:45 / Allies) tiverly94: k
(53:15 / All) IIllIllIllIIIl: you are a piece of shit
(53:18 / All) IIllIllIllIIIl: and i like it
(53:32 / Allies) tiverly94: waiting for last wym